 Dungeon Sprint DCSS version 0.17-a0-1262-gd250d98 (webtiles) character file.

826 Kidiri the Covert (level 7, -4/39 HPs)
             Began as a Spriggan Assassin on June 6, 2015.
             Slain by a boulder beetle (42 damage)
             ... in the Dungeon (Sprint II: "The Violet Keep of Menkaure").
             The game lasted 00:02:40 (404 turns).

Kidiri the Covert (Spriggan Assassin)                Turns: 404, Time: 00:02:40

Health: -4/39      AC:  3    Str:  7    XL:     7   Next: 64%
Magic:  8/8        EV: 29    Int: 13    God:
Gold:   729        SH:  0    Dex: 19    Spells: 0 memorised, 6 levels left

rFire  . . .     SeeInvis +     a - +2 dagger
rCold  . . .     Clarity  .     c - +0 robe
rNeg   . . .     SustAt   .     (shield restricted)
rPois  .         Gourm    .     (helmet restricted)
rElec  .         Spirit   .     d - +0 cloak
rCorr  .         Warding  .     (gloves unavailable)
rMut   .         NoTele   +     (boots unavailable)
MR     +....                    (no amulet)
Stlth  +++++++...               (no ring)
                                (no ring)

@: very quick, somewhat resistant to hostile enchantments, extremely stealthy
A: unfitting armour, see invisible, herbivore 3, speed 3, slow metabolism 2
a: no special abilities


You were in the Dungeon.
You were not hungry.

You visited 1 branch You collected 729 gold pieces.

Inventory:

Hand weapons
 a - a +2 dagger (weapon)
 b - a +0 blowgun
Missiles
 e - a poisoned needle
Armour
 c - a +0 robe (worn)
 d - a +0 cloak (worn)
Scrolls
 m - a scroll of blinking
Potions
 j - a potion of haste
 k - 2 potions of magic
 l - a potion of berserk rage
Comestibles
 g - a bread ration


   Skills:
 + Level 5.0 Fighting
 * Level 9.6 Short Blades
 + Level 6.9 Throwing
 * Level 11.8 Dodging
 * Level 13.7 Stealth


You had 6 spell levels left.
You didn't know any spells.

Dungeon Overview and Level Annotations

Branches:
Dungeon (1/1)

Altars:

Shops:
D =[!(*!:[


Innate Abilities, Weirdness & Mutations

You are tiny and cannot use many weapons and most armour.
You have supernaturally acute eyesight.
You are a herbivore.
You cover ground extremely quickly.
You need consume almost no food.


Message History

Aim: a boulder beetle (heavily wounded, slow, poisoned)
You shoot a curare-tipped needle.
The curare-tipped needle hits the boulder beetle.
The boulder beetle looks even sicker.
The boulder beetle convulses.
The boulder beetle seems to be slow for longer.
The boulder beetle is heavily wounded.
The boulder beetle completely misses you.
Wield which item (- for none, * to show all)? (? for menu, Esc to quit)
a - a +2 dagger (weapon)
You hit the boulder beetle but do no damage.
The boulder beetle is severely wounded.
You hit the boulder beetle but do no damage.
The boulder beetle is severely wounded.
You completely miss the boulder beetle.
The boulder beetle is severely wounded.
You hit the boulder beetle but do no damage.
The boulder beetle is severely wounded.
The boulder beetle bites you!!!
Ouch! That really hurt!
You die...

######≈ ∩....#≈ ##
## .∩...#≈ ##. §##
∩.∩..#≈ .. §.
.∩.⌠.#≈ ### B#§ ###
∩.∩..#≈##@###§###.#
.∩...#≈#.#B##§##..##
+≈+###((§%'##%+
.....#≈#.#.##.##..##
▓▓▓###≈##.###'###.#
######≈ ####...####
## #..#).# ##...##
##+##


You could see a boulder beetle.

Vanquished Creatures
  A siren (D)
  A boulder beetle (D)
  2 hippogriffs (D)
  4 worker ants (D)
8 creatures vanquished.

Vanquished Creatures (others)
  Menkaure (D)
1 creature vanquished.

Grand Total: 9 creatures vanquished

Notes
Turn   | Place    | Note
--------------------------------------------------------------
     0 | D        | Kidiri the Spriggan Assassin began the quest for the Orb.
     0 | D        | Reached XP level 1. HP: 10/10 MP: 2/2
     1 | D        | Noticed a hippogriff
     1 | D        | Noticed a hippogriff
     5 | D        | Noticed a siren
     9 | D        | Noticed a boulder beetle
     9 | D        | Noticed a boulder beetle
    13 | D        | Noticed a worker ant
    13 | D        | Noticed a worker ant
    13 | D        | Noticed a worker ant
    13 | D        | Noticed a worker ant
    16 | D        | Killed a worker ant
    16 | D        | Reached skill level 7 in Stealth
    16 | D        | Reached XP level 2. HP: 13/15 MP: 3/3
    18 | D        | Killed Menkaure
    26 | D        | Killed a worker ant
    26 | D        | Reached skill level 5 in Dodging
    26 | D        | Reached skill level 8 in Stealth
    26 | D        | Reached XP level 3. HP: 7/19 MP: 4/4
    30 | D        | Killed a worker ant
    30 | D        | Reached XP level 4. HP: 8/23 MP: 5/5
    34 | D        | Killed a worker ant
    34 | D        | Reached skill level 5 in Short Blades
    34 | D        | Reached skill level 9 in Stealth
   179 | D        | Killed a siren
   179 | D        | Reached skill level 5 in Throwing
   179 | D        | Reached skill level 10 in Dodging
   179 | D        | Reached skill level 12 in Stealth
   179 | D        | Reached XP level 5. HP: 26/29 MP: 6/6
   179 | D        | Reached XP level 6. HP: 29/33 MP: 7/7
   220 | D        | Killed a hippogriff
   220 | D        | Reached XP level 7. HP: 23/38 MP: 8/8
   225 | D        | Killed a hippogriff
   225 | D        | Reached skill level 13 in Stealth
   242 | D        | Found Quwo's Distillery.
   242 | D        | Found Vuamoopeiv's Antique Armour Emporium.
   242 | D        | Found Wotitugi's Distillery.
   242 | D        | Found Zuleusom's General Store.
   242 | D        | Found Bywu's Book Shoppe.
   242 | D        | Found Angiub's Antique Armour Emporium.
   242 | D        | Found Qefoti Quix's Weapon Emporium.
   242 | D        | Found Zoji's Jewellery Shoppe.
   395 | D        | Killed a boulder beetle
   395 | D        | Reached skill level 5 in Fighting
   404 | D        | Slain by a boulder beetle

Vault maps used:
D:        the_violet_keep_of_menkaure

Action                   |  1- 3 |  4- 6 |  7- 9 || total
-------------------------+-------+-------+-------++-------
Melee: Dagger            |     4 |    13 |    15 ||    32
 Fire: Blowgun           |     4 |     9 |     9 ||    22
  Use: Potion            |     1 |     1 |       ||     2
 Stab: Sleeping          |     2 |     1 |       ||     3
